 Dungeon Crawl Stone Soup version 0.25.1-2-g60ff931df9 (webtiles) character file.

Game seed: 8677481198852103064

1102 Almogavar the Twirler (level 8, -6/67 HPs)
             Began as a Ghoul Gladiator on Sept 2, 2020.
             Killed from afar by a fire dragon (glowing shapeshifter) (22 damage)
             ... with a blast of flame
             ... on level 4 of the Dungeon.
             The game lasted 00:12:20 (3037 turns).

Almogavar the Twirler (Ghoul Gladiator)             Turns: 3037, Time: 00:12:21

Health: -6/67      AC: 10    Str: 20    XL:     8   Next: 32%
Magic:  7/7        EV: 11    Int:  3    God:
Gold:   114        SH:  0    Dex: 10    Spells: 7/7 levels left

rFire    . . .     SeeInvis .   o - +3 quarterstaff (chaos)
rCold    + . .     Gourm    .   (shield currently unavailable)
rNeg     + + +     Faith    .   n - +0 scale mail
rPois    ∞         Spirit   .   u - +0 helmet
rElec    .         Reflect  .   p - +0 cloak
rCorr    +         Harm     .   c - +0 pair of gloves
MR       .....                  (no boots)
Stlth    ..........             (no amulet)
HPRegen  0.00/turn              s - ring of resist corrosion
MPRegen  0.10/turn              (no ring)

@: rotting
A: rotting body, claws 1, carnivore, cold resistance 1, negative energy
resistance 3, inhibited regeneration, torment resistance, unbreathing
a: no special abilities


You were on level 4 of the Dungeon.
You were not hungry.

You visited 1 branch of the dungeon, and saw 4 of its levels.
You also visited: Sewer.

You collected 114 gold pieces.

Inventory:

Hand Weapons
 o - a +3 quarterstaff of chaos (weapon)
Armour
 c - a +0 pair of gloves (worn)
 n - a +0 scale mail (worn)
 p - a +0 cloak (worn)
 u - a +0 helmet (worn)
 w - a cursed -2 chain mail
Jewellery
 s - a ring of resist corrosion (left hand)
Wands
 a - a wand of paralysis (4)
Scrolls
 d - 3 scrolls of blinking {unknown}
 k - 2 scrolls of remove curse
 l - 6 scrolls of teleportation
 m - 2 scrolls of amnesia
Potions
 b - 2 potions of flight
 e - a potion of cancellation
 g - 2 potions of might {unknown}
 i - 6 potions of curing
 j - 2 potions of lignification
 q - a potion of mutation {unknown}
 r - 3 potions of heal wounds {unknown}
 t - a potion of stabbing {unknown}
 v - a potion of brilliance {unknown}
 x - a potion of degeneration {unknown}
Comestibles
 f - 7 rations
 h - 7 chunks of flesh


   Skills:
 + Level 4.7 Fighting
 + Level 6.9 Staves
 - Level 1.7 Throwing
 + Level 2.8 Armour
 + Level 4.3 Dodging
 + Level 1.2 Stealth


You had 7 spell levels left.
You didn't know any spells.
Your spell library was empty.

Dungeon Overview and Level Annotations

Branches:
Dungeon (4/15)              Sewer (visited)
 Temple: D:4-7

Altars:

Annotations:
D:4 1 runed translucent door


Innate Abilities, Weirdness & Mutations

Your body is rotting away.
You thrive on raw meat.
You are immune to poison.
You have sharp fingernails.
You are carnivorous and can eat meat at any time.
Your flesh is cold resistant. (rC+)
You are immune to negative energy. (rN+++)
You do not regenerate when monsters are visible.
You are immune to unholy pain and torment.
You can survive without breathing.


Message History

It was a potion of curing.
You feel better. The satyr hits you but does no damage.
It was a potion of lignification.
You feel woody for a moment. The satyr barely misses you.
Your scale mail prevents you from hitting the satyr.
The satyr is lightly wounded.
The satyr changes into a tyrant leech!
You sock the tyrant leech! You burn the tyrant leech.
The tyrant leech is moderately wounded.
You hit the tyrant leech.
Lightning courses through the tyrant leech!
The tyrant leech is heavily wounded.
The tyrant leech changes into a fire dragon!
Some of the chunks of flesh in your inventory have rotted away.
You hit the fire dragon but do no damage.
Lightning courses through the fire dragon!!
The fire dragon is moderately wounded.
The fire dragon breathes flames at you. The blast of flame hits you!!
You die...

#.##.#.# ..# ..
#..#.#.###..
.#.# #.#
#.#.......####.#
#. #.....#####
#.. .. ###...#.#
... #.>.....####
#+#
......####....##
#......
#..##..###
.(.##..#
#@####...# #.
...#.#D# ##### .
##.##..o# #.
###.# #.. ..##
..# #..# #...


You could see a fire dragon shaped shifter (catching breath) and an orc.

Vanquished Creatures
  Grinder (D:4)
  Sigmund (D:3)
  An orc warrior (D:3)
  A sky beast (D:2)
  An ogre (D:4)
  2 big kobolds (Sewer)
  A howler monkey (D:4)
  Crazy Yiuf (D:2)
  2 orc priests (D:3)
  Ijyb (D:3)
  Robin (D:3)
  6 adders
  2 oozes
  2 worms (D:3)
  A dart slug (D:4)
  A leopard gecko (D:2)
  9 orcs
  2 giant cockroaches
  13 goblins
  5 hobgoblins
  16 kobolds
  A quokka (D:4)
  A ball python (Sewer)
  10 bats
  5 frilled lizards
  A leopard gecko skeleton (D:4)
  9 rats
97 creatures vanquished.

Notes
Turn   | Place    | Note
-------+----------+-------------------------------------------
     0 | D:1      | Almogavar the Ghoul Gladiator began the quest for the Orb.
     0 | D:1      | Reached XP level 1. HP: 17/17 MP: 0/0
   419 | D:1      | Reached XP level 2. HP: 22/24 MP: 1/1
   811 | D:2      | Noticed a sky beast
   826 | D:2      | Killed a sky beast
   826 | D:2      | Reached skill level 3 in Staves
   826 | D:2      | Reached skill level 1 in Armour
   826 | D:2      | Reached XP level 3. HP: 4/30 MP: 2/2
   826 | D:2      | Reached XP level 4. HP: 5/37 MP: 3/3
  1080 | D:2      | Reached XP level 5. HP: 43/44 MP: 4/4
  1176 | D:2      | Found a runed translucent door.
  1177 | D:2      | Noticed Crazy Yiuf
  1205 | D:2      | Killed Crazy Yiuf
  1205 | D:2      | Reached skill level 4 in Staves
  1473 | D:3      | Noticed Ijyb
  1480 | D:3      | Paralysed by Ijyb for 4 turns
  1487 | D:3      | Paralysed by Ijyb for 3 turns
  1497 | D:3      | Killed Ijyb
  1564 | D:3      | Found a glowing drain.
  1625 | Sewer    | Entered a sewer
  1785 | Sewer    | Reached XP level 6. HP: 48/51 MP: 5/5
  2177 | D:3      | Noticed Sigmund
  2196 | D:3      | Killed Sigmund
  2196 | D:3      | Reached skill level 5 in Staves
  2196 | D:3      | Reached XP level 7. HP: 47/58 MP: 6/6
  2225 | D:3      | Noticed Robin
  2249 | D:3      | Killed Robin
  2439 | D:3      | Reached skill level 1 in Stealth
  2443 | D:3      | Reached skill level 6 in Staves
  2793 | D:4      | Reached XP level 8. HP: 67/67 MP: 7/7
  2831 | D:4      | Noticed Grinder
  2849 | D:4      | Killed Grinder
  2969 | D:4      | Found a runed translucent door.
  3018 | D:4      | Noticed a glowing shapeshifter
  3018 | D:4      | an adder changed into a glowing shapeshifter
  3018 | D:4      | Noticed an elephant
  3018 | D:4      | a glowing shapeshifter changed into an elephant
  3021 | D:4      | Noticed a dream sheep
  3021 | D:4      | an elephant changed into a dream sheep
  3023 | D:4      | Noticed a deep troll
  3023 | D:4      | a dream sheep changed into a deep troll
  3025 | D:4      | Noticed a wolf spider
  3025 | D:4      | a deep troll changed into a wolf spider
  3026 | D:4      | Noticed a satyr
  3026 | D:4      | a wolf spider changed into a satyr
  3034 | D:4      | Noticed a tyrant leech
  3034 | D:4      | a satyr changed into a tyrant leech
  3036 | D:4      | Noticed a fire dragon
  3036 | D:4      | a tyrant leech changed into a fire dragon
  3037 | D:4      | Killed from afar by a fire dragon (glowing shapeshifter)

Illustrated notes

Levels and vault maps discovered:
D:1:      psy_arrival_conway, layout_basic
D:2:      layout_basic, uniq_crazy_yiuf_cottage, uniq_natasha
D:3:      layout_basic, first_ration, cheibrodos_sewer_entry_bend, uniq_ijyb,
          uniq_robin, uniq_sigmund
D:4:      layout_rooms, riverfiend_overflow_shadow_ancestor,
          ebering_ghost_sewer_f, uniq_grinder

Skill      XL: |  1  2  3  4  5  6  7 |
---------------+----------------------+-----
Dodging        | 3 4 |  4.3
Staves         | 3 4 5 6 |  6.9
Armour         | 1 2 |  2.8
Fighting       | 3 4 |  4.7
Stealth        | 1 |  1.2
Throwing       | |  1.7

Action                   |  1- 3 |  4- 6 |  7- 9 || total
-------------------------+-------+-------+-------++-------
Melee: Quarterstaff      |    51 |   134 |   127 ||   312
  Use: Scroll            |     2 |     3 |     1 ||     6
       Potion            |       |       |     2 ||     2
 Stab: Petrifying        |       |     1 |       ||     1
  Eat: Chunk             |     3 |     5 |     1 ||     9
Armor: Leather armour    |    17 |       |       ||    17
       Scale mail        |     7 |    62 |    53 ||   122
Dodge: Dodged            |    51 |    96 |    70 ||   217
